cohdb
Replays
Latest Replays
All Replays
Popular Replays
Top Player Replays
Match Explorer
How It Works
Community
CoH3 Stats
Reddit
Sign in to upload your games and track your stats! →
Sign in with Steam
Match 47399294
Unlisted
Match 47399294
Overview
Messages
Build Orders
End
Pioneer Squad
Construct Infanterie Kompanie
Selects Terror Battlegroup
Selects Machine Gun Camouflage
MG 42 Machine Gun Team
MG 42 Machine Gun Team
MG 42 Machine Gun Team
Grenadier Squad
Construct Luftwaffe Kompanie
221 Scout Car
Jäger Squad
Flak 30 Anti-aircraft Gun Team
Jäger Squad
Support Elements
Wirbelwind Flakpanzer
Jäger Squad
Selects Defend the Fatherland
Jäger Squad
Luftwaffe Officer Quarters
Wirbelwind Flakpanzer
Wirbelwind Flakpanzer
Selects King Tiger Heavy Tank
King Tiger Heavy Tank
Selects Contempt for the Weak
Selects Jericho Trumpet
Jericho Trumpet
Jäger Squad
Jericho Trumpet
el campo
MaXiS
Hunter
SNIPER
0
0
Comments
sign in to comment!
No comments posted yet!